 Dungeon Crawl Stone Soup version 0.28-a0-472-g50180c0d78 (webtiles) character file.

Game seed: 202367157820968992

18 Dabor the Vexing (level 2, -1/21 HPs)
             Began as a Formicid Arcane Marksman on Sept 14, 2021.
             Slain by a jackal (3 damage)
             ... on level 1 of the Dungeon.
             The game lasted 00:02:53 (343 turns).

Dabor the Vexing (Formicid Arcane Marksman)          Turns: 343, Time: 00:02:54

Health: -1/21      AC:  2    Str: 14    XL:     2   Next: 85%
Magic:  4/4        EV: 12    Int: 12    God:
Gold:   0          SH:  0    Dex: 11    Spells: 3/3 levels left

rFire   . . .      SeeInvis +   a - +0 hand crossbow
rCold   . . .      Faith    .   (no shield)
rNeg    . . .      Spirit   .   d - +0 robe
rPois   .          Reflect  .   (helmet unavailable)
rElec   .          Harm     .   (no cloak)
rCorr   .          Rampage  .   (no gloves)
Will    .....                   (no boots)
Stlth   +.........              (no amulet)
HPRegen 0.07/turn               (no ring)
MPRegen 0.09/turn               (no ring)

@: no status effects
A: permanent stasis, dig shafts and tunnels, antennae 3, four strong arms
a: Dig, Shaft Self


You were on level 1 of the Dungeon.
You visited 1 branch of the dungeon, and saw 1 of its levels.

Inventory:

Hand Weapons
 a - a +0 hand crossbow (weapon)
Missiles
 c - a bolt (quivered ammo)
Armour
 d - a +0 robe (worn)
Potions
 e - 2 potions of might {unknown}
 f - a potion of mutation {unknown}


   Skills:
 + Level 1.5 Fighting
 + Level 2.1 Crossbows
 + Level 0.0 Armour
 + Level 2.0 Dodging
 + Level 0.5 Stealth
 + Level 1.4 Spellcasting
 + Level 3.8 Hexes


You had 3 spell levels left.
You didn't know any spells.
Your spell library contained the following spells:

 Spells                   Type           Power      Damage    Failure   Level
 Slow                     Hex            10%        N/A       9%          2
 Inner Flame              Hex/Fire       5%         N/A       36%         3
 Portal Projectile        Hex/Tloc       10%        N/A       36%         3
 Cause Fear               Hex            5%         N/A       50%         4


Dungeon Overview and Level Annotations

Branches:
Dungeon (1/15)

Altars:
Uskayaw


Innate Abilities, Weirdness & Mutations

You cannot be hasted, slowed, berserked, paralysed or teleported.
You can dig through walls and to a lower floor.
You have a pair of large antennae on your head. (SInv)
Your four strong arms can wield two-handed weapons with a shield.


Message History

Really attack while wielding your +0 hand crossbow?
Okay, then.
There are monsters nearby!
Really attack while wielding your +0 hand crossbow?
Okay, then.
You shoot a bolt. The bolt misses the jackal.
The jackal barely misses you. The jackal bites you.
A dart slug comes into view.
The jackal bites you. x2
You shoot a bolt. The bolt misses the jackal.
The jackal barely misses you.
The jackal bites you but does no damage. x2
You shoot a bolt. The bolt hits the jackal!
You kill the jackal!
The jackal barely misses you.
Your Dodging skill increases to level 2!
You shoot a bolt. The bolt barely misses the jackal.
The bolt hits the goblin.
The goblin is severely wounded.
The jackal barely misses you. The jackal bites you.
The jackal barely misses you.
You shoot a bolt. The bolt barely misses the jackal.
The bolt hits the goblin!
You kill the goblin!
The jackal bites you but does no damage.
The jackal barely misses you. The jackal misses you. The jackal bites you.
You shoot a bolt. The bolt barely misses the jackal.
The bolt hits the dart slug!
The dart slug is almost dead.
The jackal closely misses you. x3; The jackal bites you.
You are too injured to fight recklessly!
Fire: 2 bolts
Press: ? - help, Q - select action, (/) - cycle Shift-Dir - straight line, f - jackal, p - jackal
Aim: a jackal (53% to hit)
You shoot a bolt. The bolt barely misses the jackal.
The jackal bites you. x2
* * * LOW HITPOINT WARNING * * *
The jackal closely misses you. The jackal bites you.
* * * LOW HITPOINT WARNING * * *
As you read the scroll labelled EDAALO URAUCE, it crumbles to dust.
You feel a strange sense of stasis.
It was a scroll of teleportation.
The jackal bites you.
You die...

##.#####.#
#.#......#
######.#########
....[......†.....
######.#########.
#.# #. #.# #.
#######.##### #.
#@h....((...# #.
#h#####.###.# #.
#w# #.# #.# #.
#(# #.# #.#####.
... #.# #.......
##. #...........
. #####....... ..
#.####.# ...# #.#


You could see a dart slug and 2 jackals.

Vanquished Creatures
  3 endoplasms (D:1)
  A giant cockroach (D:1)
  2 goblins (D:1)
  2 jackals (D:1)
  3 ball pythons (D:1)
  2 bats (D:1)
  2 frilled lizards (D:1)
  3 rats (D:1)
18 creatures vanquished.

Notes
Turn   | Place    | Note
-------+----------+-------------------------------------------
     0 | D:1      | Dabor the Formicid Arcane Marksman began the quest for the
                  | Orb.
     0 | D:1      | Reached XP level 1. HP: 15/15 MP: 2/2
   107 | D:1      | Found a faded altar of an unknown god.
   130 | D:1      | Became a worshipper of Uskayaw the Reveller
   130 | D:1      | Reached * piety under Uskayaw
   131 | D:1      | Fell from the grace of Uskayaw
   145 | D:1      | Reached XP level 2. HP: 17/21 MP: 3/3
   343 | D:1      | Slain by a jackal

Illustrated notes

Levels and vault maps discovered:
D:1:      saegor_arrival_miasma, layout_loops_ring,
          ebering_ecumenical_altar_abandoned, palyth_stone_intersect,
          minivault_5

Skill      XL: |  1  2 |
---------------+-------+-----
Dodging        | 2 |  2.0
Fighting       | |  1.5
Crossbows      | |  2.1
Stealth        | |  0.5
Spellcasting   | |  1.4
Hexes          | |  3.8

Action                   || total
-------------------------++-------
 Fire: Hand crossbow     ||    50
Invok: Renounce Religion ||     1
  Use: Scroll            ||     1
Armor: Robe              ||     5
Dodge: Dodged            ||    33

Table legend: (Time is in decaauts)
 A = Elapsed time spent in this place.
 B = Non-inter-level travel time spent in this place.
 C = Inter-level travel time spent in this place.
 D = Time resting spent in this place.
 E = Time spent auto-exploring this place.
 F = Levels seen in this place.
 G = Mean time per level.
                   A        B        C        D        E       F      G
               +--------+--------+--------+--------+--------+-----+--------+
         Total |    362 |    362 |      0 |      0 |    194 |   1 |  362.0 |
       Dungeon |    362 |    362 |      0 |      0 |    194 |   1 |  362.0 |
               +--------+--------+--------+--------+--------+-----+--------+

Top non-repeatable levels by time:
     D:1: 362 daAuts
